 Dungeon Crawl Stone Soup version 0.29-a0-823-gc37b1572da (webtiles) character file.

Game seed: 2295156912745678500

2933 avis the Frost Mage (level 9, -2/71 HPs)
             Began as a Demigod Ice Elementalist on July 9, 2022.
             Slain by a troll (10 damage)
             ... on level 7 of the Dungeon.
             The game lasted 00:53:15 (8746 turns).

avis the Frost Mage (Demigod Ice Elementalist)      Turns: 8746, Time: 00:53:16

Health: -2/71      AC: 13    Str:  9    XL:     9   Next: 26%
Magic:  6/20       EV: 15    Int: 17    God:
Gold:   588        SH:  0    Dex: 26    Spells: 9/18 levels left

rFire   . . .      SeeInvis .   a - +0 sling
rCold   . . .      Faith    .   (no shield)
rNeg    . . .      Spirit   .   t - +0 steam dragon scales
rPois   .          Reflect  .   (no helmet)
rElec   .          Harm     .   (no cloak)
rCorr   .          Rampage  .   (no gloves)
Will    .....                   (no boots)
Stlth   +++.......              (no amulet)
HPRegen 0.21/turn               (no ring)
MPRegen 0.17/turn               (no ring)

@: ice-armoured
A: high MP 1, forlorn, divine attributes
a: no special abilities


You were on level 7 of the Dungeon.
You visited 2 branches of the dungeon, and saw 9 of its levels.

You collected 588 gold pieces.

Inventory:

Hand Weapons
 a - a +0 sling (weapon)
 b - a +0 long sword
 d - a +0 dagger of venom
 s - a +1 short sword of venom
 w - a +2 dagger of holy wrath
Missiles
 l - 26 poisoned darts
 x - 2 throwing nets
Armour
 t - +0 steam dragon scales (worn)
 H - the +5 ring mail of the Moon Troll {Dex+2}
   (You found it on level 7 of the Dungeon)

   Dex:       It affects your dexterity (+2).
 I - +0 acid dragon scales
Jewellery
 G - a ring of flight
Wands
 q - a wand of flame (32)
 y - a wand of mindburst (13)
 E - a wand of light (8)
Scrolls
 c - a scroll of acquirement {unknown}
 f - a scroll of brand weapon {unknown}
 h - 4 scrolls of poison {unknown}
 j - 2 scrolls of enchant armour {unknown}
 k - a scroll of blinking {unknown}
 n - 6 scrolls of teleportation {unknown}
 p - 4 scrolls of fear {unknown}
 u - a scroll of magic mapping {unknown}
 v - 2 scrolls of vulnerability {unknown}
 B - a scroll of amnesia {unknown}
 D - a scroll of noise {unknown}
 F - a scroll of silence {unknown}
Potions
 e - 2 potions of flight {unknown}
 g - 4 potions of heal wounds
 i - a potion of invisibility {unknown}
 m - 5 potions of curing
 o - 2 potions of lignification
 r - a potion of mutation {unknown}
 z - a potion of magic
 A - a potion of cancellation {unknown}
 C - a potion of brilliance {unknown}


   Skills:
 - Level 4.0 Fighting
 - Level 4.0 Ranged Weapons
 + Level 3.9 Armour
 + Level 3.9 Dodging
 - Level 3.0 Stealth
 - Level 5.0 Spellcasting
 - Level 8.0 Ice Magic


You had 9 spell levels left.
You knew the following spells:

 Your Spells              Type           Power      Damage    Failure   Level
a - Freeze                Ice            100%       1d11      1%          1
b - Blink                 Tloc           8%         N/A       22%         2
o - Ozocubu's Armour      Ice            31%        N/A       1%          3
r - Frozen Ramparts       Ice            62%        1d8       1%          3

Your spell library contained the following spells:

 Spells                   Type           Power      Damage    Failure   Level
 Hailstorm                Conj/Ice       17%        3d6       26%         4
 Lesser Beckoning         Tloc           4%         N/A       38%         3
 Manifold Assault         Tloc           4%         N/A       98%         5


Dungeon Overview and Level Annotations

Branches:
Dungeon (8/15)             Temple (1/1) D:4
   Lair: D:8-11

Shops:
D:1 =   D:7 ((

Annotations:
D:5 exclusion: statue
D:7 2 transporters, dsb7d's ghost, novice MiFi


Innate Abilities, Weirdness & Mutations

You have an increased reservoir of magic. (+10% MP)
You shall have no god before yourself.
Your divine heritage dramatically boosts your attributes as you level up.


Message History

The troll claws you but does no damage.
Casting: Freeze (safe; 1% risk of failure)
Confirm with . or Enter, or press ? or * to list all spells.
Aiming: Freeze (safe; 1% risk of failure)
Press: ? - help, Shift-Dir - straight line, f/p - troll
Aim: a troll (moderately wounded)
You freeze the troll!
The troll is heavily wounded.
The troll closely misses you. The troll barely misses you.
The troll claws you but does no damage.
Casting: Freeze (safe; 1% risk of failure)
Confirm with . or Enter, or press ? or * to list all spells.
Aiming: Freeze (safe; 1% risk of failure)
Press: ? - help, Shift-Dir - straight line, f/p - troll
Aim: a troll (heavily wounded)
You freeze the troll.
The troll is severely wounded.
The troll bites you!
* * * LOW HITPOINT WARNING * * *
The troll barely misses you. The troll closely misses you.
Casting: Freeze (safe; 1% risk of failure)
Confirm with . or Enter, or press ? or * to list all spells.
Aiming: Freeze (safe; 1% risk of failure)
Press: ? - help, Shift-Dir - straight line, f/p - troll
Aim: a troll (severely wounded)
You freeze the troll!
The troll is almost dead.
The troll closely misses you.
The troll claws you but does no damage. x2
Unknown command.
Casting: Freeze (safe; 1% risk of failure)
Confirm with . or Enter, or press ? or * to list all spells.
Aiming: Freeze (safe; 1% risk of failure)
Press: ? - help, Shift-Dir - straight line, f/p - troll
Aim: a troll (almost dead)
You freeze the troll.
The troll is almost dead.
The troll bites you!
* * * LOW HITPOINT WARNING * * *
The troll claws you!
You die...

#.#)#.#.#.#.#)#....########
#.##...#...##.#....#......#
#.##.#.###. #.#....#......#
..##..y#..y##.###'##......##
..###.# #W###.....##.......#
...#########..###.##.....#.#
.#..###.###.......#........#
.##......!..#..####..###.∩.#
................@T.†># #...#
.######.#####..####.†###.#.#
.# #.######.## #..##....# .#
#.....##..# #..##...## .#
#.....##..###...'....#
.######......#...###.##....#
.#...........#.#.....#...#.#
.......#....<#.#..##.#.#.#.#
#......#....##....##.#.#.#.#


You could see a troll, a killer bee and dsb7d's ghost.

Vanquished Creatures
  Maggie (D:6)
  Sigmund (D:5)
  A wyvern (D:6)
  An acid dragon (D:7)
  A water moccasin (D:7)
  An orc warrior (D:6)
  4 black bears
  3 sky beasts
  4 phantoms
  A kobold brigand (D:6)
  A necrophage (D:4)
  2 scorpions
  3 killer bees (D:7)
  4 hounds
  2 jellies
  4 orc priests
  4 iguanas
  3 orc wizards
  6 gnolls
  7 adders
  A white imp (D:5)
  2 ufetubi
  3 worms
  A dart slug (D:3)
  26 orcs
  5 ball pythons
  4 endoplasms
  A giant cockroach (D:4)
  4 goblins
  4 hobgoblins
  3 jackals (D:5)
  A quokka (D:1)
  5 bats
  6 frilled lizards
  15 kobolds
  5 rats
140 creatures vanquished.

Notes
Turn   | Place    | Note
-------+----------+-------------------------------------------
     0 | D:1      | avis the Demigod Ice Elementalist began the quest for the
                  | Orb.
     0 | D:1      | Reached XP level 1. HP: 14/14 MP: 5/5
     0 | D:1      | Noticed a gargoyle
     0 | D:1      | Noticed a draconian
     1 | D:1      | Noticed a draconian
     3 | D:1      | Noticed a draconian
     5 | D:1      | Noticed a spriggan
     6 | D:1      | Noticed a barachi
     8 | D:1      | Noticed a demigod
     9 | D:1      | Noticed a tengu
    11 | D:1      | Noticed a ghoul
    13 | D:1      | Noticed a vampire
    15 | D:1      | Noticed a troll
    15 | D:1      | Noticed a naga
    15 | D:1      | Noticed a spriggan
    17 | D:1      | Noticed a spriggan
    17 | D:1      | Noticed a formicid
    19 | D:1      | Noticed a demonspawn
    19 | D:1      | Noticed a spriggan
   232 | D:1      | Reached skill level 1 in Fighting
   245 | D:1      | Found Dimunacre's Jewellery Boutique.
   578 | D:2      | Reached skill level 4 in Ice Magic
   578 | D:2      | Reached XP level 2. HP: 23/23 MP: 7/7
  1154 | D:2      | Reached XP level 3. HP: 22/29 MP: 5/8
  1397 | D:2      | Learned a level 3 spell: Ozocubu's Armour
  2081 | D:3      | Reached XP level 4. HP: 36/36 MP: 11/11
  2913 | D:4      | Noticed a phantom
  3085 | D:3      | Killed a phantom
  3086 | D:3      | Reached skill level 5 in Ice Magic
  3086 | D:3      | Reached XP level 5. HP: 41/44 MP: 8/12
  3214 | D:4      | Reached XP level 6. HP: 4/51 MP: 0/14
  4023 | D:4      | Found a staircase to the Ecumenical Temple.
  4065 | D:4      | Reached skill level 6 in Ice Magic
  4352 | D:5      | Entered Level 5 of the Dungeon
  4396 | D:5      | Reached XP level 7. HP: 45/57 MP: 8/16
  4754 | Temple   | Entered the Ecumenical Temple
  5257 | D:5      | Noticed Sigmund
  5264 | D:5      | Killed Sigmund
  5265 | D:5      | Reached skill level 5 in Spellcasting
  5619 | D:6      | Reached skill level 7 in Ice Magic
  5623 | D:6      | Learned a level 3 spell: Frozen Ramparts
  5626 | D:6      | Learned a level 2 spell: Blink
  5822 | D:6      | Reached XP level 8. HP: 60/66 MP: 12/19
  6170 | D:6      | Reached skill level 8 in Ice Magic
  6257 | D:6      | Noticed Maggie
  6272 | D:6      | Killed Maggie
  7630 | D:7      | Reached XP level 9. HP: 58/71 MP: 6/20
  7992 | D:7      | Noticed dsb7d's ghost (novice MiFi)
  7999 | D:7      | Found a transporter.
  8003 | D:7      | Found a transporter.
  8121 | D:7      | Found Mapn's Weapon Boutique.
  8124 | D:7      | Identified the +5 ring mail of the Moon Troll {Dex+2}
  8449 | D:7      | Found Diddeusm's Weapon Boutique.
  8746 | D:7      | Slain by a troll

Illustrated notes

Levels and vault maps discovered:
D:1:      shiori_arrival_whats_in_store_for_you, layout_rooms,
          shapermc_ecumenical_altar_starsandcircs, serial_shops,
          nicolae_shop_window_shopping, hangedman_abyss_or_decor_lesser_grid
D:2:      layout_rooms, basic_altar, minmay_puff
D:3:      layout_loops_corners, nicolae_sif_muna_condensation
D:4:      layout_gridville, cheibrodos_ashenzari_chains,
          minmay_temple_entry_junction, st_stairs_13, kennysheep_generic_room_16
D:5:      layout_basic, vehumet_statue, mainiacjoe_overflow_alcove_2,
          serial_corexii_hall, corexii_hall_statues_l,
          chequers_hall_statues_corner_a, minmay_misc_feat_five, uniq_sigmund
D:6:      layout_loops_ring, uniq_maggie
D:7:      layout_basic, mainiacjoe_overflow_small_starburst, serial_shops,
          nicolae_shop_hallway_plus, nicolae_shop_stone, gammafunk_ghost_hive
D:8:      layout_cave_pods, lemuel_round_altar, mainiacjoe_overflow_24_doors,
          erik_lair_island, uniq_erica
Temple:   chequers_temple_sunken

Skill      XL: |  1  2  3  4  5  6  7  8  9 |
---------------+----------------------------+-----
Fighting       | 1 2 3 4 |  4.0
Spellcasting   | 2 3 4 5 |  5.0
Ice Magic      | 4 5 6 7 8 |  8.0
Dodging        | 3 |  3.9
Stealth        | 3 |  3.0
Armour         | 3 |  3.9
Ranged Weapons | 3 4 |  4.0

Action                   |  1- 3 |  4- 6 |  7- 9 || total
-------------------------+-------+-------+-------++-------
Melee: Falchion          |       |    19 |     1 ||    20
 Fire: Sling             |    66 |    97 |   148 ||   311
 Cast: Freeze            |    33 |    59 |   125 ||   217
       Ozocubu's Armour  |       |     7 |    29 ||    36
       Frozen Ramparts   |       |       |     1 ||     1
  Use: Scroll            |       |       |     5 ||     5
       Potion            |       |       |     1 ||     1
 Stab: Sleeping          |       |       |     1 ||     1
Armor: Robe              |     2 |    41 |    34 ||    77
       Steam dragon scal |       |       |    65 ||    65
Dodge: Dodged            |    22 |    82 |   185 ||   289

Table legend: (Time is in decaauts)
 A = Elapsed time spent in this place.
 B = Non-inter-level travel time spent in this place.
 C = Inter-level travel time spent in this place.
 D = Time resting spent in this place.
 E = Time spent auto-exploring this place.
 F = Levels seen in this place.
 G = Mean time per level.
                   A        B        C        D        E       F      G
               +--------+--------+--------+--------+--------+-----+--------+
         Total |   8883 |   8117 |    766 |   3144 |   3243 |   9 |  987.0 |
       Dungeon |   8862 |   8096 |    766 |   3144 |   3243 |   8 | 1107.8 |
        Temple |     20 |     20 |      0 |      0 |      0 |   1 |   20.0 |
               +--------+--------+--------+--------+--------+-----+--------+

Top non-repeatable levels by time:
     D:6: 1856 daAuts
     D:3: 1476 daAuts
     D:4: 1398 daAuts
     D:5: 1246 daAuts
     D:7: 1183 daAuts
     D:2: 1139 daAuts
     D:1: 557 daAuts
  Temple: 20 daAuts
     D:8: 5 daAuts
